[Event "Khanty-Mansiysk FIDE GP (Women)"]
[Site "Khanty-Mansiysk"]
[Date "2014.04.19"]
[Round "9"]
[White "Batchimeg, Tuvshintugs"]
[Black "Ushenina, Anna"]
[Result "1/2-1/2"]
[ECO "D20"]
[WhiteElo "2340"]
[BlackElo "2501"]
[Annotator "ChessBase Website"]
[PlyCount "96"]
[EventDate "2014.04.09"]
[EventType "tourn"]
[EventRounds "11"]
[EventCountry "RUS"]
[EventCategory "10"]
[SourceTitle "CBM 160"]
[Source "ChessBase"]
[SourceDate "2014.05.15"]
[SourceVersion "1"]
[SourceVersionDate "2014.05.15"]
[SourceQuality "1"]
[TimeControl "40/5400+30:1800+30"]
[WhiteClock "1:30:00"]
[BlackClock "1:30:00"]

1. d4 d5 {[%emt 0:00:00] This game was equal from beginning
to end. Both players tried their hardest but they just couldn't cause enough
problems to the other player.} 2. c4 dxc4 3.
e3 e5 4. Nf3 (4. Bxc4 exd4
5. exd4 Nf6 6. Nf3 Be7 7. O-O O-O 8. Nc3 Nbd7 9. Re1 Nb6 10. Bb3 c6 11. Bg5 Bg4
12. h3 Bxf3 13. Qxf3 h6 14. Bf4 Bd6 15. Be5 Bxe5 16. dxe5 Nfd7 17. Rad1 Qc7 18.
Qe3 Rfd8 19. f4 Nf8 20. Ne4 Nd5 21. Qg3 Ng6 22. Nd6 Ngxf4 23. Bxd5 Nxd5 24. Nf5
g6 25. Nxh6+ Kh7 26. Ng4 Kg7 27. Kh1 Rh8 28. Rd3 Qe7 29. Rf1 Rh5 30. Rdf3 Rf8
31. Qf2 a6 32. a3 Kg8 33. Rf6 Kg7 {Jakovenko,D (2721)-Fedoseev,V (2601)
Khanty-Mansiysk 2013 1-0}) 4... exd4 5. Qxd4 Qxd4 6. Nxd4 Nf6 7. Bxc4 a6 8. Nc3 c5 9. Nf3 Nc6 10. a3 h6 $146 (10... Bg4 11. Nd5 Nxd5 12. Bxd5 O-O-O 13. Bxf7 Ne5 14. Bb3
Nxf3+ 15. gxf3 Bxf3 16. Rg1 g6 17. Bd2 Bg7 18. Ba5 Rd6 19. Bd1 Bxd1 20. Rxd1
Rxd1+ 21. Kxd1 Bxb2 22. a4 Kd7 23. Kc2 Bf6 24. Rb1 Rb8 25. Bb6 Kc6 26. Kd3 Re8
27. a5 Re5 28. Ba7 Bd8 29. Bb6 Be7 30. f4 Rd5+ 31. Ke4 Rd2 32. Ke5 Bd6+ 33. Ke4
Rxh2 34. Kf3 Ra2 35. Rh1 c4 36. Rxh7 c3 37. Rh1 c2 38. Rc1 Ba3 {0-1 (38)
Zouridakis,K-Metaxas,P (2175) Thessaloniki 1999}) 11. Nd5 Nxd5 12. Bxd5 Ne7 13. Be4 Bf5 14. Bxf5 Nxf5 15. Bd2 Be7 16. O-O-O Nd6 17. Bc3 f6 18. Nh4 Kf7 19. Rd5 b6 20. Rhd1 Rhd8 21. g4 g6 22. Kc2 Ne4 23. f3 Rxd5 24. Rxd5 Nd6 25. Ng2 Rd8 26. h4 Nc4 27. Rxd8 Bxd8 28. a4 b5 29. axb5 axb5 30. Kd3 f5 31. b3 Nd6 32. Be5 c4+ 33. bxc4 Nxc4 34. Bd4 fxg4 35. fxg4 g5 36. hxg5 hxg5 37. Ne1 Ke6 38. Nf3 Nd6 39. Bc5 Nf7 40. Ke4 Kf6 41. Nd4 Ne5 42. Nxb5 Nxg4 43. Bd4+ Ke6 44. Kf3 Ne5+ 45. Bxe5 Kxe5 46. Nd4 Bb6 47. Ne2 g4+ 48. Kxg4 Bxe3 1/2-1/2

[Event "Sautron op 11th"]
[Site "Sautron"]
[Date "2011.10.23"]
[Round "5"]
[White "Lagarde, Maxime"]
[Black "Ivanov, Jordan"]
[Result "1/2-1/2"]
[ECO "D20"]
[WhiteElo "2452"]
[BlackElo "2402"]
[Annotator "Ivanov,J/Primel,D"]
[PlyCount "76"]
[EventDate "2011.10.22"]
[EventType "swiss"]
[EventRounds "9"]
[EventCountry "FRA"]
[SourceTitle "EXT 2016"]
[Source "ChessBase"]
[SourceDate "2015.10.08"]
[SourceVersion "1"]
[SourceVersionDate "2015.10.08"]
[SourceQuality "1"]
[TimeControl "40/5400+30:1800+30"]
[WhiteClock "1:30:00"]
[BlackClock "1:30:00"]

1. d4 d5 2. c4 dxc4 3. e4 c5 4. d5 Nf6 5. Nc3 b5 6. e5 b4 7. exf6 bxc3 8. bxc3
Nd7 9. Bxc4 exf6 $2 {Ivanov} (9... Nb6) (9... gxf6 10. Ne2 Nb6 11. Nf4 Nxc4 12.
Qa4+ Qd7 13. Qxc4 Rg8 14. O-O Bb7 15. Qe4 f5 16. Qe2 O-O-O 17. c4 e5 18. Nh5
Qd6 19. f4 e4 20. Bb2 Be7 21. Rab1 Qa6 22. Rfe1 Rg6 23. Ng3 Rdg8 24. Qh5 Qxc4
25. Qxf5+ Kd8 26. Be5 Rb6 27. Rxb6 axb6 28. d6 Bxd6 29. Qf6+ Be7 30. Qxb6+ {
1-0 (30) Laurusas,T (2409)-Kizov,A (2413) Warsaw 2013}) 10. Bf4 $146 (10. Nf3
Nb6 11. Bb5+ Bd7 12. Qe2+ Be7 13. d6 O-O 14. dxe7 Re8 15. exd8=Q Raxd8 16. Bxd7
Rxe2+ 17. Kxe2 Rxd7 18. Rd1 {1-0 (18) Maksimenko,A (2520)-Klos,B Dos Hermanas
2004}) 10... Ne5 11. Nf3 Bd6 (11... Nxc4 12. Qa4+ Qd7 (12... Bd7 13. Qxc4) 13.
Qxc4 Bd6 (13... Bb7)) 12. Bxe5 fxe5 13. Bb5+ Bd7 14. a4 O-O 15. Nd2 $1 Rb8 16.
Nc4 Bc8 17. O-O Qc7 (17... a6 18. Bc6) 18. Qe2 Bb7 19.
Rfd1 $14 {[%csl Rb7,Gc4,Gd5,Rd6] La paire de B des Noirs manque d'activité}
Rfd8 20. Rab1 Bf8 21. Qxe5 (21. d6 Bxd6 22. Rxd6 Rxd6 23. Qxe5 Rbd8 24. Nxd6)
21... Qxe5 22. Nxe5 Rxd5 23. Rxd5 (23. Re1 Bc8 (23... Rbd8 24. Bc4) 24. Nc6 Rb7
25. Re8 $36 ) 23... Bxd5 24. c4 Be6 25. Nc6 Ra8 26. Ba6 Bd7 27. Bb7 Re8 28. a5 $1 Bxc6 29.
Bxc6 Rc8 30. Bd5 {[%csl Rf7][%cal Gb1b7] La présence de B de couleurs
opposées favorise l'initiative Blanche mais il faut garder les R} (30. Bb7 Rb8
31. a6 Bd6 32. Rd1 Rd8 33. g3 Kf8 34. Kg2 Ke7 35. Kf3) 30... Bd6 $1 {[%cal
Gc8b8] Menace Rb8 qui entrainerait une nulle rapide} 31. Rb7 Rb8 $11 32. Bxf7+
Kf8 33. Bd5 Rxb7 34. Bxb7 Ke7 {Ivanov donne un ? à ce coup mais les Noirs ne
sont trop en danger malgré le P de moins} 35. a6 {[%csl Ra7] Fixe la
faiblesse "a7" mais qui est facile à défendre} Kf6 36. f3 g5 37. Kf2 h6 38.
Ke3 Ke5 1/2-1/2

[Event "EU-ch 12th"]
[Site "Aix les Bains"]
[Date "2011.03.23"]
[Round "2"]
[White "Moiseenko, Alexander"]
[Black "Gozzoli, Yannick"]
[Result "1-0"]
[ECO "D20"]
[WhiteElo "2673"]
[BlackElo "2543"]
[Annotator "Marchand,A/Primel,D"]
[PlyCount "67"]
[EventDate "2011.03.22"]
[EventType "swiss"]
[EventRounds "11"]
[EventCountry "FRA"]
[SourceTitle "CBM 142 Extra"]
[Source "ChessBase"]
[SourceDate "2011.06.27"]
[SourceVersion "1"]
[SourceVersionDate "2011.06.27"]
[SourceQuality "1"]
[TimeControl "40/5400+30:1800+30"]

1. d4 d5 2. c4 dxc4 3. e3 (3. e4 e5 (3... Nf6 4. e5 Nd5 5. Bxc4 Nb6 6. Bb3 Nc6
7. Be3 Bf5 8. Ne2 e6 9. Nbc3 Be7 10. O-O O-O 11. a3 (11. Ng3 Bg6 12. f4 $14 )) 4. Nf3 Bb4+ 5. Nc3 exd4 6. Nxd4 Ne7 7. Bxc4 Nbc6 8. Be3 O-O) (
3. Nf3 c5 4. e4 cxd4 5. Bxc4 Nc6 6. O-O e5 7. Ng5 Nh6 8. f4 Be7 $2 (8... f6) 9.
Qh5 O-O {Piskov,Y (2400)-Dragomarezkij,E (2325) Moscow-ch 1989 1-0}) 3... e5 (
3... Nf6 4. Nf3 e6 5. Bxc4) 4. Bxc4 Nc6 $5 (4... exd4 {La grande ligne}) 5. Nf3
(5. d5 $5 Na5 6. Qa4+ c6 $13) (5. Ne2 Nf6) 5... e4 (5... exd4 6. exd4 Bb4+) 6.
Nfd2 Qg5 7. g3 Nf6 (7... Bf5 $5 8. Qb3 O-O-O 9. Bxf7 Nb4 10. Bc4 Nh6 $6 {Petrisor,A (2383)-Safronov,K (2017) EU-ch 13th
Plovdiv 2012 (2) 1-0} (10... Nf6 $1 {Plus naturel} 11. O-O h5 $44 )) 8. Nc3 Bb4 9. O-O $146 (9. Qc2 Bf5 {Skembris,S (2469)
-Rozentalis,E (2567) Bad Woerishofen op 24th 2008 (9) 0-1}) 9... Bxc3 10. bxc3
O-O 11. Ba3 Re8 12. Rb1 a6 13. Re1 h5 $1 {[%csl Rg1] Malgré le retard de
développement, l'affaiblissement des cases Blanches donne du contre-jeu aux
Noirs а l'aile-roi} 14. f4 Qg6 15. Kh1 b5 16. Bf1 Bg4 17. Qc2 Ne7 18. Bxe7 $1 Rxe7 19. c4 c6 20. a4 Rc8 21. Bg2 h4 {Prématuré} (21... Bf5 22. axb5 axb5 23. cxb5 cxb5 24. Qb3 h4 $132) 22. h3
hxg3 23. hxg4 Qh6+ (23... Qxg4) 24. Kg1 Qh2+ 25. Kf1 Nxg4 26. Nxe4 Rce8 (26...
bxa4 $13 ) 27. cxb5 cxb5 28. axb5 f5 29. b6 fxe4 30. Qc5 Nf2 31. b7
Nh3 32. Qd5+ Rf7 33. b8=Q Qg1+ 34. Ke2 1-0

[Event "Metz op 31th"]
[Site "Metz"]
[Date "2013.04.21"]
[Round "2"]
[White "Jankovic, Alojzije"]
[Black "Donchenko, Alexander"]
[Result "1/2-1/2"]
[ECO "D20"]
[WhiteElo "2537"]
[BlackElo "2428"]
[Annotator "Metz Alekhine/Primel,D"]
[PlyCount "81"]
[EventDate "2013.04.20"]
[EventType "swiss"]
[EventRounds "9"]
[EventCountry "FRA"]
[SourceTitle "EXT 2016"]
[Source "ChessBase"]
[SourceDate "2015.10.08"]
[SourceVersion "1"]
[SourceVersionDate "2015.10.08"]
[SourceQuality "1"]
[TimeControl "40/5400:1800+30"]
[WhiteClock "1:30:00"]
[BlackClock "1:30:00"]

1. d4 d5 2. c4 dxc4 3. e4 e5 (3... b5 4. a4 c6 5. axb5 cxb5 6. Nc3 a6 7. Nxb5
axb5 8. Rxa8 Bb7 9. Ra1 e6 10. Be2 (10. f3 Nc6 11. Be3 Bb4+ {R Edouard})) (3...
Nf6 4. e5 Nd5 5. Bxc4 Nb6 6. Bd3 Nc6 7. Be3 Nb4 8. Be4 f5 9. a3 fxe4 10. axb4
e6 11. Nc3 Bxb4 12. Qh5+ g6 13. Qg4 Bxc3+ 14. bxc3 Qd5 15. Ne2 Bd7 16. O-O Qc4
17. Ng3 Bc6 18. Ra5 (18. Qh4 $5 O-O 19. Bh6 Rf7 20. Rxa7 $1 {[%cal Gh4d8] Giri}
)) 4. Nf3 exd4 5. Bxc4 Bb4+ 6. Nbd2 (6. Bd2 Bxd2+ 7. Nbxd2 Nc6 8. O-O Qf6 9. b4 a6 10. a4 (10. Re1) 10... Nxb4 11. e5 $44 {Gurevich,M (2585)
-Meins,G (2465) Groningen op 1997 (7) 1-0}) 6... Nc6 7. O-O Nf6 8. e5 Nd5 9.
Nb3 (9. a3) 9... Nb6 10. Bb5 Qd5 11. Bxc6+ bxc6 (11... Qxc6 12. Nbxd4 Qd5 13.
Qc2 {Dokhoian,Y (2540)-Christensen,T (2300) Copenhagen op 1991 (3) 1/2}) 12.
Qxd4 c5 $146 (12... Qxd4 13. Nfxd4 Bd7 {Wojtaszek,R (2630)-Degraeve,J (2558)
FRA-chT Top 16 GpA 2009 (4) 1/2}) 13. Qxd5 Nxd5 14. a3 $1 c4 15. axb4 (15. Nbd4
Bc5 16. Re1 O-O 17. Bg5 Bg4 (17... Ba6 18. Rad1) 18. Rac1 (18. h3)) 15... cxb3
16. Bd2 O-O 17. Nd4 Bd7 18. Rfc1 Rfb8 19. Rc5 $36 {[%csl Ra7][%cal Gc5a5] La
faiblesse b4 est utilisée de manière dynamique par le GMI} Nxb4 20. Rxc7 Be8
21. Rcxa7 Rxa7 22. Rxa7 Nc6 23. Nxc6 Bxc6 {En gardant les R, les Blancs ont
des petites chances de valoriser le P supplémentaire} 24. f4 (24. Rc7 Be4)
24... g6 25. g4 {[%cal Gf4f5] Un coup indispensable pour préparer la poussée
f4f5 mais la centralisation du K Blanc prend du retard et l'allemand va
réussir à activer ses pièces.} (25. Kf2 Rd8 26. Bc3 Rd1 27. e6 )
25... Rd8 26. Bc3 Rd3 27. Rc7 Bd7 $44 28. Rb7 Kf8 29. Bb4+ Kg7 30.
Be7 Bxg4 31. Bf6+ Kh6 32. Rxf7 Be6 33. Re7 Bf5 34. Kf2 (34. e6
$5 Re3 35. Kf2 (35. Bg5+ ) 35... Rh3 36. Bg5+ Kh5 37. Rxh7+ Kg4
38. Rxh3 Kxh3 39. e7 Bd7 40. Ke3 Kxh2 41. Kd4 $18 ) 34...
Rd7 $1 {Tentant de transposer dans une finale de B de couleurs opposées} 35.
Rxd7 Bxd7 36. Ke3 Kh5 37. Kd4 Kg4 $11 38. Kd5 Kf5 39. Bg5 Be6+
40. Kd6 h5 41. Kc5 1/2-1/2